Cogmind - Beta 12 @@@ ROGUE MODE // 2024.02.10 @ 11:04:19 Player: Dosh Result: Destroyed by YI-UF0 with YI-UF0's Doublenader Performance ------------- Evolutions (0) 0 Regions Visited (2) 400 Robots Destroyed (28) 140 Value Destroyed (512) 512 Prototype IDs (0) 0 Alien Tech Used (0) 0 Bonus (0) 0 TOTAL SCORE: 1052 Bonus ------- None Cogmind --------- Core Integrity 0/250 Matter 279/300 Energy 99/100 System Corruption 0% Temperature Cool (0) Movement Treading (240) Ox1 Location -10/Mines Parts ------- > --- POWER (1) -------- (None) > --- PROPULSION (2) --- Light Treads > --- UTILITY (2) ------ Large Storage Unit Light Armor Plating > --- WEAPON (2) ------- Assault Rifle > --- INVENTORY (15) --- Ion Engine Light Ion Engine Light Treads Light Treads Wheel High-capacity Storage Unit Seismic Detector Light Armor Plating Light Armor Plating Light Armor Plating Assault Rifle Assault Rifle Peak State ------------ > --- POWER ------------ Ion Engine > --- PROPULSION ------- Light Treads Light Treads > --- UTILITY ---------- Large Storage Unit Light Armor Plating > --- WEAPON ----------- Assault Rifle Assault Rifle > --- INVENTORY -------- Ion Engine Light Ion Engine Light Treads Light Treads Wheel Small Storage Unit Seismic Detector Medium Laser Light Assault Rifle Light Assault Rifle [Rating: 8] Favorites ----------- Power Ion Engine Engine Ion Engine Propulsion Light Treads Treads Light Treads Utility Large Storage Unit Device Seismic Detector Storage Large Storage Unit Protection Light Armor Plating Weapon Assault Rifle Energy Gun Medium Laser Ballistic Gun Assault Rifle Build | -11 -10 -10 ------- Run | Jun Mat Min Slots Evolved . | . . . Power . | . . . Propulsion . | . . . Utility . | . . . Weapon . | . . . Parts Attached 23 | 7 16 . Power 5 | 1 4 . Engine 5 | 1 4 . Core . | . . . Reactor . | . . . Propulsion 5 | 2 3 . Treads 5 | 2 3 . Leg . | . . . Wheel . | . . . Hover . | . . . Flight . | . . . Utility 6 | 2 4 . Device 1 | 1 . . Storage 3 | 1 2 . Processor . | . . . Hackware . | . . . Protection 2 | . 2 . Artifact . | . . . Weapon 7 | 2 5 . Energy Gun 1 | 1 . . Energy Cannon . | . . . Ballistic Gun 6 | 1 5 . Ballistic Cannon . | . . . Launcher . | . . . Special Weapon . | . . . Impact Weapon . | . . . Slashing Weapon . | . . . Piercing Weapon . | . . . Special Melee Weapon . | . . . Unidentified Prototypes . | . . . Parts Lost 5 | . 2 3 Power 2 | . 1 1 Propulsion 1 | . . 1 Utility 1 | . 1 . Weapon 1 | . . 1 Highest Loss Streak 3 | . 2 3 To Critical Strikes . | . . . Average Slot Usage (%) 92 | . 92 96 Engine 13 | . 13 12 Treads 27 | . 27 27 Device 1 | . 1 . Storage 14 | . 14 14 Protection 7 | . 6 14 Energy Gun 1 | . 1 . Ballistic Gun 25 | . 25 27 Naked Turns . | . . . Heaviest Build 32 | 12 32 32 Greatest Support 40 | 40 40 40 Greatest Overweight (x) . | . . . Average Overweight (x) . | . . . Largest Inventory Capacity 15 | 8 15 15 Average Capacity 14 | 7 14 15 Most Carried 13 | 2 13 12 Average Carried 7 | 1 7 12 Final Capacity 15 | 8 15 15 Final Carried 12 | 2 12 12 Class Distribution -------------------- 100% | Mutant Dominant Class ---------------- Mutant | -10/Materials Mutant | -10/Mines Resources | -11 -10 -10 ----------- Run | Jun Mat Min Matter Collected 725 | 275 435 15 Remotely . | . . . Salvage Created 819 | 98 721 . Parts 45 | 3 42 . Haulers Intercepted 2 | . 2 . Recyclers Shooed . | . . . Parts Field Recycled . | . . . Retrieved Matter . | . . . Parts Self-Destructed . | . . . Prevented . | . . . Kills | -11 -10 -10 ------- Run | Jun Mat Min Combat Hostiles Destroyed 19 | . 19 . Melee 1 | . 1 . Guns 17 | . 17 . Classes Destroyed 8 | 2 6 . Worker 1 | . 1 . Tunneler 1 | 1 . . Hauler 2 | . 2 . Recycler 1 | 1 . . Operator 2 | . 2 . Watcher 2 | . 2 . Swarmer 9 | . 9 . Grunt 10 | . 10 . Best Kill Streak 6 | 2 6 . Combat Bots Only 6 | . 6 . Max Kills in Single Turn 1 | 1 1 . Gunslinging . | . . . Exploded . | . . . Melee 1 | . 1 . Uniques/NPCs Destroyed . | . . . Combat | -11 -10 -10 -------- Run | Jun Mat Min Damage Taken 1286 | . 715 571 Core 254 | . 109 145 Absorbed by Shields . | . . . Regen/Repaired (Parts) 150 | . 150 . Core Remaining (%) 100 | 100 . . Volleys Fired 124 | 10 106 8 Largest 2 | 2 2 2 Hottest 70 | 70 70 40 Shots Fired 242 | 20 210 12 Gun 242 | 20 210 12 Cannon . | . . . Launcher . | . . . Special . | . . . Kinetic 198 | 10 176 12 Thermal 44 | 10 34 . Explosive . | . . . Electromagnetic . | . . . Robot Hit Streak 19 | 10 19 7 Robot Miss Streak 6 | 3 6 4 Penetration Max . | . . . Secondary Targets 3 | . 3 . Max Gunslinging Chain 1 | . 1 . Shots Hit Robots 135 | 15 113 7 Core Hits 49 | 5 41 3 Critical Kills 1 | . 1 . Critical Parts Destroyed . | . . . Critical Strikes 3 | . 3 . Burn 2 | . 2 . Destroy 1 | . 1 . Melee Attacks . | . . . Impact . | . . . Slashing . | . . . Piercing . | . . . Sneak Attacks . | . . . Combat Hostiles . | . . . Follow-up Attacks . | . . . Damage Inflicted 1498 | 157 1248 93 Guns 1419 | 157 1175 87 Cannons . | . . . Explosions . | . . . Melee . | . . . Ramming 79 | . 73 6 Kinetic 1082 | 68 927 87 Thermal 337 | 89 248 . Explosive . | . . . Electromagnetic . | . . . Impact . | . . . Slashing . | . . . Piercing . | . . . Highest Corruption . | . . . Average Corruption . | . . . Corruption Purged . | . . . Corruption Blocked . | . . . Overload Shots . | . . . Overflow Damage . | . . . Projectiles . | . . . Explosions . | . . . Melee . | . . . Knockbacks 1 | . . 1 Impact 1 | . . 1 Kinetic . | . . . Secondary . | . . . Self-Inflicted Damage . | . . . Shots . | . . . Rammed 13 | . 11 2 Targets Rammed 14 | . 12 2 Kicked . | . . . Crushed 1 | . 1 . Highest Temperature 292 | 90 292 . Average Temperature 90 | 38 103 . Received Heat Transfer 126 | . 126 . Effects 2 | . 2 . Interference 2 | . 2 . Siege Activations . | . . . Robots Corrupted . | . . . Combat Hostiles . | . . . Parts Fried . | . . . Impact Corruptions . | . . . Robots Melted 1 | . 1 . Combat Hostiles 1 | . 1 . Parts Melted 7 | . 7 . Heat Transferred 1147 | 259 888 . Parts Sabotaged . | . . . Parts Stolen . | . . . Parts Stripped . | . . . Power Chain Reactions . | . . . Missiles Intercepted . | . . . Alert | -11 -10 -10 ------- Run | Jun Mat Min Peak Influence 218 | 10 218 18 Initial 18 | . 6 18 Average 86 | 2 97 16 Maximum Alert Level 1 | . 1 . Low Security (%) 94 | 100 93 100 Level 1 5 | . 6 . Level 2 . | . . . Level 3 . | . . . Level 4 . | . . . Level 5 . | . . . High Security . | . . . Max Security . | . . . Squads Dispatched 6 | . 6 . Investigation 4 | . 4 . Extermination . | . . . Reinforcement 2 | . 2 . Assault . | . . . Garrison . | . . . Intercept . | . . . Searches Triggered . | . . . Construction Impeded . | . . . Haulers Reinforced . | . . . Active Scanning Responses . | . . . Cargo Convoy Interrupts . | . . . Stealth | -11 -10 -10 --------- Run | Jun Mat Min Distress Signals 2 | . 2 . Communications Jammed . | . . . Distress Signals . | . . . Times Spotted 38 | . 37 1 Peak Tracking Total 7 | . 7 1 Tactical Retreats . | . . . Traps | -11 -10 -10 ------- Run | Jun Mat Min Traps Triggered 3 | . 3 . Indirectly . | . . . Trap Hack Attempts . | . . . Triggered . | . . . Disarmed . | . . . Reprogrammed . | . . . Reused . | . . . Traps Extracted . | . . . Installed . | . . . Triggered . | . . . Machines | -11 -10 -10 ---------- Run | Jun Mat Min Machines Disabled . | . . . Max in Single Turn . | . . . Machines Repaired . | . . . Machines Sabotaged . | . . . Overloaded Fab Kills . | . . . Hacking | -11 -10 -10 --------- Run | Jun Mat Min Machines Accessed 8 | . 8 . Terminals 5 | . 5 . Fabricators . | . . . Repair Stations 1 | . 1 . Recycling Units 2 | . 2 . Scanalyzers . | . . . Garrison Access . | . . . Total Hacks 21 | . 21 . Successful 12 | . 12 . Failed 8 | . 8 . Catastrophic . | . . . Database Lockouts 1 | . 1 . Manual 15 | . 15 . Terminals 13 | . 13 . Fabricators . | . . . Repair Stations 5 | . 5 . Recycling Units 3 | . 3 . Scanalyzers . | . . . Garrison Access . | . . . Terminal Hacks 3 | . 3 . Robot Analysis 1 | . 1 . Recall Investigation 1 | . 1 . Hauler Manifests 1 | . 1 . Fabricator Hacks . | . . . Repair Station Hacks 4 | . 4 . Scan Component 2 | . 2 . Repair 2 | . 2 . Recycling Unit Hacks 1 | . 1 . Retrieve Components 1 | . 1 . Scanalyzer . | . . . Garrison Access Hacks . | . . . Unauthorized Hacks 4 | . 4 . Terminals 2 | . 2 . Botnet 1 | . 1 . Operators 1 | . 1 . Fabricators . | . . . Repair Stations . | . . . Recycling Units 2 | . 2 . Tunnel 2 | . 2 . Scanalyzers . | . . . Garrison Access . | . . . Data Cores Recovered . | . . . Used . | . . . Hacking Detections 3 | . 3 . Full Trace Events . | . . . Feedback Events . | . . . Feedback Blocked . | . . . Robot Schematics Acquired . | . . . Robots Built . | . . . Authchips . | . . . Time . | . . . Total Robot Build Rating . | . . . Part Schematics Acquired . | . . . Parts Built . | . . . Authchips . | . . . Time . | . . . Total Part Build Rating . | . . . Parts Repaired 2 | . 2 . Time 52 | . 52 . Parts Recycled . | . . . Recycled Matter . | . . . Retrieved Matter . | . . . Retrieved Components 10 | . 10 . Parts Scanalyzed . | . . . Part Schematics Acquired . | . . . Parts Damaged . | . . . Bothacking | -11 -10 -10 ------------ Run | Jun Mat Min Used RIF Installer . | . . . Robots Hacked . | . . . Non-combat . | . . . Combat . | . . . Robot Hacks Applied . | . . . Relay Couplers Released . | . . . Fabnet Peak Effective % . | . . . Robots Rewired . | . . . Allies Hacked . | . . . Hacks Repelled . | . . . Allies | -11 -10 -10 -------- Run | Jun Mat Min Total Allies . | . . . Largest Group . | . . . Highest-Rated Group . | . . . Highest-Rated Ally . | . . . Total Orders . | . . . Ally Attacks . | . . . Total Damage . | . . . Kills . | . . . Allies Corrupted . | . . . Allies Melted . | . . . Intel | -11 -10 -10 ------- Run | Jun Mat Min Robot Analysis Total 1 | . 1 . Derelict Logs Recovered . | . . . Drone Launches . | . . . Drone Recoveries . | . . . Exploration | -11 -10 -10 ------------- Run | Jun Mat Min Turns Passed 2321 | 121 2040 160 Spaces Moved 1084 | 54 951 79 Core 4 | 4 . . Treads 1080 | 50 951 79 Legs . | . . . Wheels . | . . . Hover . | . . . Flight . | . . . Fastest Speed 50 | 50 160 160 Average Speed 159 | 151 160 160 Slowest Speed 160 | 160 160 160 Overloaded Moves . | . . . Propulsion Burnouts . | . . . Robots Hopped . | . . . Cave-ins Triggered . | . . . Exploration Rate (%) 41 | 4 100 20 Regions Visited 2 Branch Regions 1 Pre-discovered Areas 2 | . 2 . Known Exits Taken . | . . . Unknown Exits Taken 2 | 1 1 . Scrap Searched 1 | . . 1 Spaces Dug . | . . . Terrain Destroyed . | . . . Melee . | . . . Projectile . | . . . AOE . | . . . Terrain Rammed . | . . . Walls Destroyed . | . . . Machines Disabled . | . . . Actions | -11 -10 -10 --------- Run | Jun Mat Min Total 1444 | 72 1271 101 Wait 182 | . 171 11 Move 1082 | 53 950 79 Hop . | . . . Pick Up 10 | 2 8 . Fast Attach 11 | 7 4 . Attach 2 | . 2 . Detach 1 | . 1 . Swap 10 | . 10 . Drop 7 | . 7 . Fire 124 | 10 106 8 Melee . | . . . Ram . | . . . Kick . | . . . Crush 14 | . 12 2 Escape Stasis . | . . . Rewire 1 | . . 1 Trap . | . . . Miscellaneous . | . . . Route ------- -11/Junkyard -10/Materials (discovered 4 exits: [*Mat x3] / [*Min]) -10/Mines (discovered 1 exit: [*Mat]) History --------- Turn | Location | Event 3 | -11/Junkyard | Discovered new exit (range 15) 122 | -11/Junkyard | Entered Materials 314 | -10/Materials | Build established: Mutant 563 | -10/Materials | Repaired Lgt. Treads 591 | -10/Materials | Repaired Lgt. Assault Rifle 629 | -10/Materials | Discovered new exit (range 15) 957 | -10/Materials | Discovered new exit (range 8) 1119 | -10/Materials | Central database locked down 1522 | -10/Materials | Discovered new exit (range 14) 1796 | -10/Materials | Discovered new exit (range 11) 2162 | -10/Materials | Entered Mines 2253 | -10/Mines | Discovered new exit (range 12) 2304 | -10/Mines | Core integrity fell below 50% 2316 | -10/Mines | Core integrity fell below 20% 2322 | -10/Mines | Destroyed by YI-UF0 with YI-UF0's Doublenader Last Messages --------------- 02227_ Found Hcp. Matter Pod. 02227_ Found 21 Matter. 02228_ Acquired 15 matter. 02235_ K-01 Serf collects debris. 02239_ Slammed into U-05 Engineer. 02243_ Slammed into K-01 Serf. 02243_ K-01 Serf knocked back. 02253_ EXIT=FOUND 02306_ The unstable cave ceiling collapses. 02307_ Ion Engine destroyed. 02309_ The unstable cave ceiling collapses. 02310_ YI-UF0 mumbles something. 02310_ The unstable cave ceiling collapses. 02310_ Destroyed Shock Absorption System. 02312_ The unstable cave ceiling collapses. 02314_ R-06 Scavenger collects Lgt. Assault Rifle. 02315_ The unstable cave ceiling collapses. 02315_ Assault Rifle destroyed. 02318_ Lgt. Treads destroyed. 02320_ The unstable cave ceiling collapses. Map ----- +----------------------------------------------------+ | ????????????## ##?????????????????? | | ?????????????# ##?????##########???? | | ?????????????# ##??????# #???? | | ?????????????# #???????# < #???? | | ?????????????# #???????# #???? | | ?????????????# #???????# #???? | | ?????????????# ###?????# #???? | | ?????????????# ##????# """ #???? | | ?????????##### ##???# """ #???? | | ?????????# #???# """ #???? | | ?????????# ## !! #???# #???? | | ?????????# ###!!## ##???# """ #???? | | ?????????# ####?##????# """ #???? | | ?????????# #?????????# """ #???? | | ?????????# #?????????# #???? | | ?????????# #?????????# r #???? | | ?????????# #?????????### ######???? | | ?????????## #???????????# #????????? | | ??????????# #####???????# #????????? | | ??????????# ^ #??###### #????????? | | ??????????# # ^ #??# # ##???????? | | ??????????# #^ #??# ##??????? | | ??????????## # #### ##?????? | | ???????????# ## #?????? | | ???????????#^ ^## #?????? | | ???????????######### @ #??????? | | ???????????????????# #?????? | | ?????????????????# #?????? | | ???????????????# ##?????? | | ???????????? ###??????? | | ??????????? #####????????? | | ????????? ?????????????? | | ?????????? r ?????????????? | | ?????????? ?????????????? | | ?????????? g [ #?????????????? | | ?????????? * ##??????????????? | | ??????????? #????????????????? | | ??????????? # ?????????????????? | | ???????????? ### ?????????????????? | | ?????????????? ??# ??????????????????? | | ??????????????????#??????????????????? | | ?????????????????????????????????????? | | ?????????????????????????????????????? | | ?????????????????????????????????????? | | ?????????????????????????????????????? | | ?????????????????????????????????????? | | ?????????????????????????????????????? | | ?????????????????????????????????????? | | ?????????????????????????????????????? | | ?????????????????????????????????????? | +----------------------------------------------------+ Best States ------------- Heat Dissipation 25 Energy Generation 10 Energy Capacity 250 Matter Stores 300 Matter Capacity 300 Sight Range 16 Terrain Scan Density 10 Armor Coverage 150 Evasion (%) 40 Recoil Reduction 2 Item Schematics ----------------- None Robot Schematics ------------------ None Fabricated ------------ Nothing Alien Tech Used ----------------- None Achievements -------------- None Challenges ------------ None Game ------ Seed MetafiberSpacefoldAutocannon Manual? 0 Play Time 00:09:18 Cumulative 187.5 hours Start 2024.02.10 @ 10:54:52 End 2024.02.10 @ 11:04:19 Sessions 1 Manual Loads 0 Difficulty Rogue Special Mode None Game No. 155 Rogue 155 Adventurer 0 Explorer 0 Win Type - Total 3 Types 3/0/0/0/0/0/0/0/0 Lore% 62 Gallery% 71 Achievement% 60 Wizard Run 0 Options --------- ASCII 0 Keyboard 1 Movement Numpad Keybinds 0 Fullscreen 2 Font 18/SmallcapsGlow Map View 76x50 Tactical HUD 1 Map Filters NONE Filters NONE Steam 1 RUN: fc5dcc3e-e41a-4496-b4fe-f271066e0e69